PL
ATHLETIC CLUB KC @ BUCKHEAD BOWTIES
07/11/2022
 
TOP OF THE 1ST
Athletic Club KC batting - Pitching for Buckhead Bowties : LHP Chester Henry
Pitching: LHP Chester Henry
Batting: RHB Jorge Trevino 0-0: Ball
1-0: Called Strike
1-1: Foul Ball, location: 2F
1-2: Foul Ball, location: 2F
1-2: Strikes out swinging
Batting: RHB Rick Atkinson 0-0: Called Strike
0-1: Foul Ball, location: 2F
0-2: Strikes out swinging
Batting: RHB Ed Hopkins 0-0: Ball
1-0: Ball
2-0: Foul Ball, location: 2F
2-1: Foul Ball, location: 2F
2-2: Ball
3-2: Strikes out swinging
Top of the 1st over - 0 run(s), 0 hit(s), 0 error(s), 0 left on base; Athletic Club KC 0 - Buckhead 0
BOTTOM OF THE 1ST
Buckhead Bowties batting - Pitching for Athletic Club KC : RHP Torvald Geertsen
Pitching: RHP Torvald Geertsen
Batting: RHB Dave King 0-0: Fly out, F9 (Flyball, 9M)
Batting: LHB Neil Lawson 0-0: Ball
1-0: Ball
2-0: Foul Ball, location: 2F
2-1: Swinging Strike
2-2: Foul Ball, location: 2F
2-2: Ground out U3 (Groundball, 3)
Batting: RHB Pedro Morales 0-0: Ball
1-0: Ball
2-0: Called Strike
2-1: Ball
3-1: Foul Ball, location: 2F
3-2: Foul Ball, location: 2F
3-2: Fly out, F9 (Flyball, 89M)
Bottom of the 1st over - 0 run(s), 0 hit(s), 0 error(s), 0 left on base; Athletic Club KC 0 - Buckhead 0
TOP OF THE 2ND
Athletic Club KC batting - Pitching for Buckhead Bowties : LHP Chester Henry
Batting: RHB John Downing 0-0: Ball
1-0: Foul Ball, location: 2F
1-1: Foul Ball, location: 2F
1-2: Ball
2-2: Strikes out looking
Batting: RHB Ramón Souza 0-0: Called Strike
0-1: Foul Ball, location: 2F
0-2: Ground out 6-3 (Groundball, 6)
Batting: RHB Todd Blake 0-0: Called Strike
0-1: Ball
1-1: Foul Ball, location: 2F
1-2: Ball
2-2: Foul Ball, location: 2F
2-2: Foul Ball, location: 2F
2-2: Foul Ball, location: 2F
2-2: Foul Ball, location: 2F
2-2: Strikes out swinging
Top of the 2nd over - 0 run(s), 0 hit(s), 0 error(s), 0 left on base; Athletic Club KC 0 - Buckhead 0
BOTTOM OF THE 2ND
Buckhead Bowties batting - Pitching for Athletic Club KC : RHP Torvald Geertsen
Batting: RHB Gabriel Rodríguez 0-0: Fly out, F6 (Line Drive, 6)
Batting: LHB Tony Martínez 0-0: Called Strike
0-1: Ball
1-1: Ball
2-1: SINGLE (Line Drive, 9LM)
Batting: RHB Enrique Marroquín 0-0: Fly out, F8 (Flyball, 8RS)
Batting: RHB Aaron Phillips 0-0: Called Strike
0-1: Ball
1-1: Ball
2-1: Called Strike
2-2: SINGLE (Flyball, 6MD)
Tony Martínez to second
Batting: RHB Joe Andrews 0-0: Ball
1-0: Called Strike
1-1: Foul Ball, location: 2F
1-2: Fly out, F5 (Popup, 56)
Bottom of the 2nd over - 0 run(s), 2 hit(s), 0 error(s), 2 left on base; Athletic Club KC 0 - Buckhead 0
TOP OF THE 3RD
Athletic Club KC batting - Pitching for Buckhead Bowties : LHP Chester Henry
Batting: RHB Jake Collins 0-0: Ball
1-0: Ground out 5-3 (Groundball, 56)
Batting: LHB Emílio Sáenz 0-0: Foul Ball, location: 2F
0-1: Foul Ball, location: 2F
0-2: Strikes out swinging
Batting: RHB Javier Díaz 0-0: Called Strike
0-1: Ball
1-1: Swinging Strike
1-2: Strikes out looking
Top of the 3rd over - 0 run(s), 0 hit(s), 0 error(s), 0 left on base; Athletic Club KC 0 - Buckhead 0
BOTTOM OF THE 3RD
Buckhead Bowties batting - Pitching for Athletic Club KC : RHP Torvald Geertsen
Batting: RHB Greg Robinson 0-0: Foul Ball, location: 2F
0-1: Ball
1-1: Ground out 5-3 (Groundball, 5L)
Batting: RHB Dave King 0-0: Ball
1-0: Ground out 2-3 (Groundball, 25)
Batting: LHB Neil Lawson 0-0: Ball
1-0: Foul Ball, location: 2F
1-1: Called Strike
1-2: Foul Ball, location: 2F
1-2: Ball
2-2: Fly out, F7 (Line Drive, 7S)
Bottom of the 3rd over - 0 run(s), 0 hit(s), 0 error(s), 0 left on base; Athletic Club KC 0 - Buckhead 0
TOP OF THE 4TH
Athletic Club KC batting - Pitching for Buckhead Bowties : LHP Chester Henry
Batting: RHB Jorge Trevino 0-0: Ball
1-0: Ball
2-0: Fly out, F2 (Popup, 2RF)
Batting: RHB Rick Atkinson 0-0: Fly out, F6 (Line Drive, 6)
Batting: RHB Ed Hopkins 0-0: Called Strike
0-1: Ball
1-1: Foul Ball, location: 2F
1-2: Ball
2-2: Fly out, F8 (Flyball, 8RXD)
Top of the 4th over - 0 run(s), 0 hit(s), 0 error(s), 0 left on base; Athletic Club KC 0 - Buckhead 0
BOTTOM OF THE 4TH
Buckhead Bowties batting - Pitching for Athletic Club KC : RHP Torvald Geertsen
Batting: RHB Pedro Morales 0-0: Ball
1-0: Ball
2-0: Called Strike
2-1: Swinging Strike
2-2: Foul Ball, location: 2F
2-2: Ball
3-2: Base on Balls
Batting: RHB Gabriel Rodríguez 0-0: Ball
1-0: Foul Ball, location: 2F
1-1: Ball
2-1: Called Strike
2-2: Strikes out looking
Batting: LHB Tony Martínez 0-0: Called Strike
Pedro Morales steals 2nd base
0-1: Fly out, F9 (Flyball, 89D)
Runner from 2nd tags up, SAFE at 3rd, no throw
Batting: RHB Enrique Marroquín 0-0: Ground out 6-3 (Groundball, 6)
Bottom of the 4th over - 0 run(s), 0 hit(s), 0 error(s), 1 left on base; Athletic Club KC 0 - Buckhead 0
TOP OF THE 5TH
Athletic Club KC batting - Pitching for Buckhead Bowties : LHP Chester Henry
Batting: RHB John Downing 0-0: Ball
1-0: Swinging Strike
1-1: Ball
2-1: Foul Ball, location: 2F
2-2: Foul Ball, location: 2F
2-2: Ball
3-2: Base on Balls
Batting: RHB Ramón Souza 0-0: Foul Ball, location: 2F
0-1: Ball
1-1: DOUBLE (Flyball, 7LD)
John Downing to third
Batting: RHB Todd Blake 0-0: Foul Ball, location: 2F
0-1: Ball
1-1: Foul Ball, location: 2F
1-2: Strikes out swinging
Batting: RHB Jake Collins 0-0: Called Strike
0-1: Ground out 4-3 (Groundball, 4)
John Downing scores
Ramón Souza to third
Batting: LHB Emílio Sáenz 0-0: Called Strike
0-1: Called Strike
0-2: Strikes out looking
Top of the 5th over - 1 run(s), 1 hit(s), 0 error(s), 1 left on base; Athletic Club KC 1 - Buckhead 0
BOTTOM OF THE 5TH
Buckhead Bowties batting - Pitching for Athletic Club KC : RHP Torvald Geertsen
Batting: RHB Aaron Phillips 0-0: Ball
1-0: Called Strike
1-1: Foul Ball, location: 2F
1-2: Strikes out swinging
Batting: RHB Joe Andrews 0-0: Ball
1-0: Ball
2-0: Called Strike
2-1: Foul Ball, location: 2F
2-2: Foul Ball, location: 2F
2-2: Strikes out swinging
Batting: RHB Greg Robinson 0-0: Called Strike
0-1: Called Strike
0-2: Ball
1-2: Ball
2-2: Strikes out swinging
Bottom of the 5th over - 0 run(s), 0 hit(s), 0 error(s), 0 left on base; Athletic Club KC 1 - Buckhead 0
TOP OF THE 6TH
Athletic Club KC batting - Pitching for Buckhead Bowties : LHP Chester Henry
Batting: RHB Javier Díaz 0-0: Called Strike
0-1: Called Strike
0-2: Foul Ball, location: 2F
0-2: Foul Ball, location: 2F
0-2: Ball
1-2: Ball
2-2: Strikes out swinging
Batting: RHB Jorge Trevino 0-0: Fly out, F5 (Line Drive, 5)
Batting: RHB Rick Atkinson 0-0: Foul Ball, location: 2F
0-1: Ball
1-1: SINGLE (Groundball, 56D)
Batting: RHB Ed Hopkins 0-0: Called Strike
0-1: Swinging Strike
0-2: Strikes out swinging
Top of the 6th over - 0 run(s), 1 hit(s), 0 error(s), 1 left on base; Athletic Club KC 1 - Buckhead 0
BOTTOM OF THE 6TH
Buckhead Bowties batting - Pitching for Athletic Club KC : RHP Torvald Geertsen
Batting: RHB Dave King 0-0: Ball
1-0: Fly out, F9 (Flyball, 9LM)
Batting: LHB Neil Lawson 0-0: Ball
1-0: Ball
2-0: Ball
3-0: Called Strike
3-1: Foul Ball, location: 2F
3-2: Foul Ball, location: 2F
3-2: Strikes out swinging
Batting: RHB Pedro Morales 0-0: Called Strike
0-1: Foul Ball, location: 2F
0-2: Ball
1-2: Ball
2-2: Foul Ball, location: 2F
2-2: Strikes out swinging
Bottom of the 6th over - 0 run(s), 0 hit(s), 0 error(s), 0 left on base; Athletic Club KC 1 - Buckhead 0
TOP OF THE 7TH
Athletic Club KC batting - Pitching for Buckhead Bowties : LHP Chester Henry
Batting: RHB John Downing 0-0: Foul Ball, location: 2F
0-1: Ball
1-1: Ball
2-1: Foul Ball, location: 2F
2-2: Foul Ball, location: 2F
2-2: Ball
3-2: Reached on error, E6 (Groundball, 6)
Batting: RHB Ramón Souza 0-0: Foul Ball, location: 2F
0-1: Foul Ball, location: 2F
0-2: Ball
1-2: Foul Ball, location: 2F
1-2: Foul Ball, location: 2F
1-2: 2-RUN HOME RUN (Flyball, 7D), Distance : 387 ft
Batting: RHB Todd Blake 0-0: Ball
1-0: Foul Ball, location: 2F
1-1: Ball
2-1: Swinging Strike
2-2: Foul Ball, location: 2F
2-2: Foul Ball, location: 2F
2-2: Fly out, F9 (Flyball, 89D)
Batting: RHB Jake Collins 0-0: Called Strike
0-1: Foul Ball, location: 2F
0-2: Ball
1-2: Foul Ball, location: 2F
1-2: Ball
2-2: Fly out, F8 (Flyball, 8LD)
Batting: LHB Emílio Sáenz 0-0: Foul Ball, location: 2F
0-1: Ball
1-1: DOUBLE (Groundball, 3L)
Batting: RHB Javier Díaz 0-0: Ball
1-0: Ball
2-0: Foul Ball, location: 2F
2-1: Ball
3-1: Base on Balls
Pitching: RHP Floyd Cotton
Batting: RHB Jorge Trevino 0-0: Ball
1-0: Ball
2-0: Ball
3-0: Foul Ball, location: 2F
3-1: Base on Balls
Emílio Sáenz to third
Javier Díaz to second
Batting: RHB Rick Atkinson 0-0: Ball
1-0: Foul Ball, location: 2F
1-1: Called Strike
1-2: Strikes out swinging
Top of the 7th over - 2 run(s), 2 hit(s), 1 error(s), 3 left on base; Athletic Club KC 3 - Buckhead 0
BOTTOM OF THE 7TH
Buckhead Bowties batting - Pitching for Athletic Club KC : RHP Torvald Geertsen
Batting: RHB Gabriel Rodríguez 0-0: Swinging Strike
0-1: Ball
1-1: Ball
2-1: Ground out 5-3 (Groundball, 5)
Batting: LHB Tony Martínez 0-0: Ground out 4-3 (Groundball, 34)
Batting: RHB Enrique Marroquín 0-0: Foul Ball, location: 2F
0-1: Foul Ball, location: 2F
0-2: Ball
1-2: Ball
2-2: Ball
3-2: Strikes out swinging wild pitch, reaches first!
Batting: RHB Aaron Phillips 0-0: Ball
1-0: Ball
2-0: Swinging Strike
2-1: Foul Ball, location: 2F
2-2: Strikes out swinging
Bottom of the 7th over - 0 run(s), 0 hit(s), 0 error(s), 1 left on base; Athletic Club KC 3 - Buckhead 0
TOP OF THE 8TH
Athletic Club KC batting - Pitching for Buckhead Bowties : RHP Floyd Cotton
Batting: RHB Ed Hopkins 0-0: Called Strike
0-1: Ball
1-1: Swinging Strike
1-2: Ball
2-2: Foul Ball, location: 2F
2-2: Foul Ball, location: 2F
2-2: Foul Ball, location: 2F
2-2: Foul Ball, location: 2F
2-2: Strikes out swinging
Batting: RHB John Downing 0-0: Called Strike
0-1: DOUBLE (Line Drive, 8LXD)
Batting: RHB Ramón Souza 0-0: Called Strike
0-1: Ball
1-1: Called Strike
1-2: Ball
2-2: Ball
3-2: Foul Ball, location: 2F
3-2: SINGLE (Groundball, 56D)
John Downing to third
Batting: RHB Todd Blake 0-0: Ball
Ramón Souza steals 2nd base
1-0: Foul Ball, location: 2F
1-1: Foul Ball, location: 2F
1-2: Strikes out swinging
Batting: RHB Jake Collins 0-0: Called Strike
0-1: Called Strike
0-2: Strikes out looking
Top of the 8th over - 0 run(s), 2 hit(s), 0 error(s), 2 left on base; Athletic Club KC 3 - Buckhead 0
BOTTOM OF THE 8TH
Buckhead Bowties batting - Pitching for Athletic Club KC : RHP Torvald Geertsen
Batting: RHB Joe Andrews 0-0: Ball
1-0: Swinging Strike
1-1: Fly out, F9 (Flyball, 89M)
Batting: RHB Greg Robinson 0-0: Foul Ball, location: 2F
0-1: Fly out, F9 (Flyball, 9LS)
Batting: RHB Dave King 0-0: Swinging Strike
0-1: Ball
1-1: Foul Ball, location: 2F
1-2: Foul Ball, location: 2F
1-2: Foul Ball, location: 2F
1-2: Ground out 1-3 (Groundball, 13)
Bottom of the 8th over - 0 run(s), 0 hit(s), 0 error(s), 0 left on base; Athletic Club KC 3 - Buckhead 0
TOP OF THE 9TH
Athletic Club KC batting - Pitching for Buckhead Bowties : RHP Floyd Cotton
Batting: LHB Emílio Sáenz 0-0: Ball
1-0: Ball
2-0: Ball
3-0: Called Strike
3-1: Foul Ball, location: 2F
3-2: Fly out, F8 (Popup, 6MD)
Batting: RHB Javier Díaz 0-0: Ball
1-0: Ball
2-0: Called Strike
2-1: Foul Ball, location: 2F
2-2: Foul Ball, location: 2F
2-2: Foul Ball, location: 2F
2-2: SINGLE (Line Drive, 56D)
Batting: RHB Jorge Trevino 0-0: Ball
Javier Díaz is caught stealing 2nd base
1-0: Called Strike
1-1: Ball
2-1: Ball
3-1: Called Strike
3-2: Ground out 1-3 (Groundball, 15)
Top of the 9th over - 0 run(s), 1 hit(s), 0 error(s), 0 left on base; Athletic Club KC 3 - Buckhead 0
BOTTOM OF THE 9TH
Buckhead Bowties batting - Pitching for Athletic Club KC : RHP Torvald Geertsen
Batting: LHB Neil Lawson 0-0: Ball
1-0: Ball
2-0: Called Strike
2-1: Foul Ball, location: 2F
2-2: SOLO HOME RUN (Flyball, 89XD), Distance : 405 ft
Pitching: RHP Joong-geun Kim
Batting: RHB Pedro Morales 0-0: Foul Ball, location: 2F
0-1: Swinging Strike
0-2: Foul Ball, location: 2F
0-2: SINGLE (Groundball, 6MD)
Batting: RHB Gabriel Rodríguez 0-0: Ball
1-0: Swinging Strike
1-1: Foul Ball, location: 2F
1-2: Strikes out swinging
Batting: LHB Tony Martínez 0-0: Ball
1-0: SINGLE (Line Drive, 89S)
Pedro Morales to second
Runner from 2nd tries for 3rd, SAFE, throw made to third
Tony Martínez to second
Batting: RHB Enrique Marroquín 0-0: Called Strike
0-1: Ball
Wild Pitch!
Pedro Morales scores
Tony Martínez to third
1-1: Fly out, F8 (Flyball, 8RD)
Runner from 3rd tags up, SCORES, throw made
Batting: RHB Aaron Phillips 0-0: SOLO HOME RUN (Line Drive, 78XD), Distance : 433 ft
This league is powered by Out of the Park Baseball, the baseball management simulation game for PC, Mac and Linux
Friday, April 15th, 2016 - OOTP Baseball 16.9 Build 39